 Dungeon Crawl Stone Soup version 0.21.1-1-g345015fe64 (webtiles) character file.

89 RepoMan the Ruffian (level 4, -1/36 HPs)
             Began as a Draconian Transmuter on July 7, 2018.
             Slain by a scorpion (2 damage)
             ... on level 4 of the Dungeon.
             The game lasted 00:08:16 (1491 turns).

RepoMan the Ruffian (Draconian Transmuter)          Turns: 1491, Time: 00:08:16

Health: -1/36      AC:  5    Str: 12 (13) XL:     4   Next: 31%
Magic:  5/7        EV: 12    Int: 10 (13) God:
Gold:   75         SH:  0    Dex:  9 (12) Spells: 1/8 levels left

rFire    . . .     SeeInvis .     - Unarmed
rCold    . . .     Gourm    .   (no shield)
rNeg     . . .     Faith    .   (armour unavailable)
rPois    .         Spirit   .   (helmet restricted)
rElec    .         Reflect  .   (no cloak)
rCorr    .         Harm     .   (no gloves)
MR       .....                  (no boots)
Stlth    +.........             (no amulet)
HPRegen  0.12/turn              (no ring)
MPRegen  0.10/turn              (no ring)

@: lethally poisoned (-1 -> -13)
A: unfitting armour, cold-blooded, AC +5
a: no special abilities


You were on level 4 of the Dungeon.
You were not hungry.

You visited 1 branch of the dungeon, and saw 4 of its levels.

You collected 75 gold pieces.

Inventory:

Missiles
 a - 38 arrows
Armour
 h - a scarf of spirit shield
Jewellery
 f - an uncursed ring of flight {unknown}
 g - a +3 ring of dexterity {unknown}
Scrolls
 d - 2 scrolls of identify
 e - a scroll of teleportation
 l - a scroll of remove curse {unknown}
 m - a scroll of magic mapping {unknown}
Books
 b - a book of Changes

   Spells                             Type                      Level
   a - Beastly Appendage              Transmutation                1
   b - Sticks to Snakes               Transmutation                2
   c - Spider Form                    Transmutation/Poison         3
   d - Ice Form                       Ice/Transmutation            4
   e - Blade Hands                    Transmutation                5
 k - a book of Misfortune

   Spells                             Type                      Level
   a - Confusing Touch                Hexes                        1
   b - Confuse                        Hexes                        3
   c - Gell's Gravitas                Translocation                3
   d - Petrify                        Transmutation/Earth          4
   e - Metabolic Englaciation         Hexes/Ice                    5
   f - Yara's Violent Unravelling     Hexes/Transmutation          5
Comestibles
 c - 4 rations
 n - a chunk of flesh


   Skills:
 + Level 2.0 Fighting
 - Level 1.7 Dodging
 * Level 3.8 Unarmed Combat
 + Level 2.5 Spellcasting
 * Level 3.1 Transmutations


You had one spell level left.
You knew the following spells:

 Your Spells              Type           Power        Failure   Level  Hunger
a - Beastly Appendage     Tmut           #.....       9%          1    ##.....
c - Spider Form           Tmut/Pois      #.........   43%         3    ####...
t - Confusing Touch       Hex            #.....       30%         1    ##.....
v - Sticks to Snakes      Tmut           #.......     12%         2    ###....


Dungeon Overview and Level Annotations

Branches:
Dungeon (4/15)
 Temple: D:4-7

Altars:
Ru

Annotations:
D:3 Sigmund


Innate Abilities, Weirdness & Mutations

Your plain brown scales are hard. (AC +5)
You cannot fit into any form of body armour.
You are cold-blooded and may be slowed by cold attacks.


Message History

It was a potion of degeneration.
There was something very wrong with that liquid.
You feel weakened.
You feel dopey.
You feel clumsy.
* * * LOW HITPOINT WARNING * * *
You feel sick. The scorpion stings you.
* * * LOW HITPOINT WARNING * * *
* * * LOW HITPOINT WARNING * * *
You feel sick.
You aren't carrying any items that you can evoke.
As you read the scroll labeled HOUQIL TI VOU, it crumbles to dust.
It is a scroll of identify.
e - a scroll of teleportation
* * * LOW HITPOINT WARNING * * *
You feel sick. The scorpion closely misses you.
As you read the scroll labeled SYC WOEREH, it crumbles to dust.
The creatures around you are filled with an inner flame!
It was a scroll of immolation.
* * * LOW HITPOINT WARNING * * *
You feel sick. The scorpion stings you.
You die...

...............
................
................
...............
...............
#..........
#.......#
#....@..#
#...s...#
#....w..#
#.<.....#
+.......#
#.......#
#.......#
........#
.........#


You could see a worm (inner flame) and a scorpion (inner flame).

Vanquished Creatures
  4 gnolls (D:2)
  An adder (D:2)
  An ooze (D:1)
  A worm (D:2)
  2 dart slugs
  A leopard gecko (D:1)
  A ball python (D:1)
  4 bats
  A giant cockroach (D:2)
  3 goblins (D:1)
  2 hobgoblins (D:1)
  4 frilled lizards
  4 kobolds
  7 rats
36 creatures vanquished.

Notes
Turn   | Place    | Note
-------+----------+-------------------------------------------
     0 | D:1      | RepoMan the Draconian Transmuter began the quest for the Orb.
     0 | D:1      | Reached XP level 1. HP: 16/16 MP: 3/3
   213 | D:1      | Reached XP level 2. HP: 23/23 MP: 3/5
   219 | D:1      | Learned a level 2 spell: Sticks to Snakes
   621 | D:2      | Reached XP level 3. HP: 16/28 MP: 3/6
   783 | D:2      | Found a sacrificial altar of Ru.
  1014 | D:2      | Learned a level 3 spell: Spider Form
  1156 | D:3      | Noticed a scorpion
  1271 | D:2      | Reached XP level 4. HP: 24/36 MP: 4/7
  1434 | D:2      | Learned a level 1 spell: Confusing Touch
  1475 | D:3      | Noticed Sigmund
  1491 | D:4      | HP: 1/36 [poisoned by a scorpion]
  1491 | D:4      | Slain by a scorpion

Skill      XL: |  1  2  3  4 |
---------------+-------------+-----
Transmutations | 3 |  3.1
Fighting       | 2 |  2.0
Dodging        | |  1.7
Unarmed Combat | |  3.8
Spellcasting   | |  2.5

Action                   |  1- 3 |  4- 6 || total
-------------------------+-------+-------++-------
Melee: Unarmed           |    95 |    18 ||   113
       Tailslap          |     8 |     2 ||    10
       Headbutt          |     6 |     3 ||     9
       Kick              |     5 |       ||     5
 Cast: Beastly Appendage |    17 |     1 ||    18
       Sticks to Snakes  |     1 |     2 ||     3
       Spider Form       |     1 |     1 ||     2
       Confusing Touch   |       |     1 ||     1
  Use: Scroll            |       |     2 ||     2
       Potion            |       |     1 ||     1
 Stab: Sleeping          |     2 |       ||     2
       Confused          |       |     2 ||     2
  Eat: Chunk             |     2 |     1 ||     3
Armor: Skin              |    23 |     1 ||    24
Dodge: Dodged            |    47 |    10 ||    57
